 Dungeon Crawl Stone Soup version 0.20-a0-396-gbf3f530 (webtiles) character file.

3246 Kriby the Thaumaturge (level 9, -2/62 HPs)
             Began as a Mummy Fire Elementalist on Dec 31, 2016.
             Was a Believer of Sif Muna.
             Slain by a hog (12 damage)
             ... on level 8 of the Dungeon.
             The game lasted 00:23:42 (9891 turns).

Kriby the Thaumaturge (Mummy Fire Elementalist)     Turns: 9891, Time: 00:23:42

Health: -2/62      AC:  8    Str: 11    XL:     9   Next: 67%
Magic:  8/23       EV: 11    Int: 17    God:    Sif Muna [**....]
Gold:   375        SH:  5    Dex: 13    Spells: 19/29 levels left

rFire  . . .     SeeInvis .     k - +2 spear (distort)
rCold  + . .     Gourm    .     s - +2 leather armour {rF+}
rNeg   + + +     Faith    .     p - +0 buckler
rPois  ∞         Spirit   .     d - +0 helmet
rElec  .         Reflect  .     q - +1 cloak
rCorr  +         Harm     .     (no gloves)
MR     +....                    (no boots)
Stlth  ++........               (no amulet)
                                (no ring)
                                e - ring of resist corrosion

@: no status effects
A: no food or potions, fire vulnerability, cold resistance 1, negative energy
resistance 3, torment resistance, unbreathing
a: Divine Energy, Renounce Religion


You were on level 8 of the Dungeon.
You worshipped Sif Muna.
Sif Muna was pleased with you.
You were not hungry.

You visited 1 branch of the dungeon, and saw 8 of its levels.

You collected 517 gold pieces.
You spent 142 gold pieces at shops.

Inventory:

Hand Weapons
 f - a -1 dagger
 k - a +2 spear of distortion (weapon)
Missiles
 o - 3 tomahawks (quivered)
Armour
 a - a +0 robe
 d - a +0 helmet (worn)
 p - a +0 buckler (worn)
 q - a +1 cloak (worn)
 s - a +2 leather armour of fire resistance (worn)
Jewellery
 e - a ring of resist corrosion (left hand)
 n - an uncursed amulet of faith
Wands
 r - a wand of random effects (28/48)
 t - a wand of enslavement (8/24)
 z - a wand of slowing (18/48)
Scrolls
 c - 13 scrolls of identify
 g - a scroll of recharging
 h - a scroll of enchant weapon
 i - a scroll of amnesia
 j - 3 scrolls of remove curse
 u - a scroll of teleportation
 v - 2 scrolls of enchant armour {unknown}
 w - a scroll of magic mapping {unknown}
 y - a scroll of random uselessness {unknown}
Books
 b - a book of Flames

   Spells                             Type                      Level
   a - Flame Tongue                   Conjuration/Fire             1
   b - Throw Flame                    Conjuration/Fire             2
   c - Conjure Flame                  Conjuration/Fire             3
   d - Inner Flame                    Hexes/Fire                   3
   e - Sticky Flame                   Conjuration/Fire             4
   f - Fireball                       Conjuration/Fire             5
 l - a book of Callings

   Spells                             Type                      Level
   a - Summon Small Mammal            Summoning                    1
   b - Call Imp                       Summoning                    2
   c - Call Canine Familiar           Summoning                    3
   d - Summon Guardian Golem          Hexes/Summoning              3
   e - Summon Lightning Spire         Summoning/Air                4
   f - Summon Ice Beast               Ice/Summoning                4
 m - a book of Cantrips

   Spells                             Type                      Level
   a - Confusing Touch                Hexes                        1
   b - Animate Skeleton               Necromancy                   1
   c - Summon Small Mammal            Summoning                    1
   d - Apportation                    Translocation                1
 x - a book of Minor Magic

   Spells                             Type                      Level
   a - Magic Dart                     Conjuration                  1
   b - Blink                          Translocation                2
   c - Call Imp                       Summoning                    2
   d - Repel Missiles                 Charms/Air                   2
   e - Slow                           Hexes                        2
   f - Conjure Flame                  Conjuration/Fire             3
   g - Mephitic Cloud                 Conjuration/Poison/Air       3


   Skills:
 * Level 2.5 Fighting
 * Level 1.8 Armour
 - Level 1.5 Dodging
 - Level 1.5 Stealth
 - Level 4.0 Shields
 + Level 10.6 Spellcasting
 + Level 5.5 Conjurations
 + Level 5.0 Fire Magic


You had 19 spell levels left.
You knew the following spells:

 Your Spells              Type           Power        Failure   Level  Hunger
a - Flame Tongue          Conj/Fire      ####.        1%          1    N/A
b - Conjure Flame         Conj/Fire      ####....     4%          3    N/A
c - Sticky Flame          Conj/Fire      ####....     14%         4    N/A
d - Throw Flame           Conj/Fire      ####..       1%          2    N/A

Dungeon Overview and Level Annotations

Branches:
Dungeon (8/15)             Temple (0/1) D:5
   Lair: D:8-11

Altars:
Ashenzari
Cheibriados
Dithmenos
Kikubaaqudgha
Nemelex Xobeh
Okawaru
Sif Muna
Uskayaw

Shops:
D:5 *

Annotations:
D:5 exclusion: downstairs


Innate Abilities, Weirdness & Mutations

You do not eat or drink.
Your flesh is vulnerable to fire.
You are immune to poison.
Your flesh is cold resistant. (rC+)
You are immune to negative energy. (rN+++)
You are immune to unholy pain and torment.
You can survive without breathing.


Message History

Confirm with . or Enter, or press ? or * to list all spells.
Aiming: Sticky Flame
Press: ? - help, Shift-Dir - straight line, f - hog
Aim: a hog (lightly wounded)
The sticky flame hits the hog.
The hog is moderately wounded.
The hog is covered in liquid flames!
The hog burns!
The hog bites you.
The hog burns!
The hog bites you!
The hog burns!
The hog stops burning.
Casting: Sticky Flame
Confirm with . or Enter, or press ? or * to list all spells.
Aiming: Sticky Flame
Press: ? - help, Shift-Dir - straight line, f/p - hog
Aim: a hog (heavily wounded)
The sticky flame hits the hog.
The hog is severely wounded.
The hog is covered in liquid flames!
The hog burns!
The hog bites you!
* * * LOW HITPOINT WARNING * * *
The hog burns!
The hog bites you!
You die...

##'#.##.=.#.##...## #####...
#.p######.........###.......
..#..# ##.......#.#...####.#
#..'..# #..../...#.#<.#####.#
#..#.%# #hh......#.#.......<#
#..#%%#####.########.#......)##
#######.....########.#..####...
###.####......^#..# ####
#.h.hh@########## ########


You could see 3 hogs.

Vanquished Creatures
  A troll (D:5)
  Grinder (D:5)
  Eustachio (D:5)
  A hog (D:8)
  A water moccasin (D:5)
  2 ice beasts (D:5)
  A phantom (D:5)
  2 sky beasts
  2 black bears
  An orc warrior (D:6)
  3 ogres
  3 centaurs
  3 bullfrogs
  2 scorpions (D:4)
  A bullfrog zombie (D:6)
  A centaur zombie (D:6)
  A hound (D:6)
  2 orc priests
  8 orc wizards
  3 iguanas
  5 worker ants
  A hound skeleton (D:5)
  A worker ant zombie (D:7)
  6 gnolls
  12 adders
  An ooze (D:1)
  An adder skeleton (D:4)
  2 adder zombies
  A worm (D:2)
  5 dart slugs
  10 leopard geckos
  13 orcs
  3 ball pythons
  8 giant cockroaches
  5 goblins
  4 hobgoblins
  9 jackals
  9 kobolds
  7 quokkas
  7 bats
  A frilled lizard (D:2)
  2 jackal skeletons
  2 quokka skeletons
  A quokka zombie (D:7)
  4 rats
160 creatures vanquished.

Vanquished Creatures (others)
  2 crimson imps (D:6)
2 creatures vanquished.

Grand Total: 162 creatures vanquished

Notes
Turn   | Place    | Note
-------+----------+-------------------------------------------
     0 | D:1      | Kriby the Mummy Fire Elementalist began the quest for the Orb.
     0 | D:1      | Reached XP level 1. HP: 13/13 MP: 4/4
    47 | D:1      | Reached skill level 3 in Spellcasting
   189 | D:1      | Reached XP level 2. HP: 19/19 MP: 3/6
   416 | D:1      | Reached skill level 4 in Spellcasting
   553 | D:1      | Reached skill level 1 in Conjurations
   854 | D:1      | Reached XP level 3. HP: 24/24 MP: 6/8
  1267 | D:2      | Found a snail-covered altar of Cheibriados.
  1268 | D:2      | Found an iron altar of Okawaru.
  1271 | D:2      | Found a hide-covered altar of Uskayaw.
  1271 | D:2      | Found a shadowy altar of Dithmenos.
  1272 | D:2      | Found a deep blue altar of Sif Muna.
  1272 | D:2      | Found a shattered altar of Ashenzari.
  1273 | D:2      | Found a sparkling altar of Nemelex Xobeh.
  1929 | D:3      | Found an ancient bone altar of Kikubaaqudgha.
  1934 | D:3      | Reached skill level 5 in Spellcasting
  2132 | D:3      | Reached XP level 4. HP: 30/30 MP: 9/11
  2882 | D:3      | Learned a level 3 spell: Conjure Flame
  2887 | D:3      | Learned a level 4 spell: Sticky Flame
  2890 | D:3      | Learned a level 2 spell: Throw Flame
  3136 | D:4      | Reached skill level 6 in Spellcasting
  3136 | D:4      | Reached XP level 5. HP: 35/35 MP: 0/13
  3589 | D:4      | Reached skill level 7 in Spellcasting
  3589 | D:4      | Reached XP level 6. HP: 30/41 MP: 8/16
  4009 | D:2      | Became a worshipper of Sif Muna the Loreminder
  4229 | D:5      | Entered Level 5 of the Dungeon
  4260 | D:5      | Noticed a sky beast
  4385 | D:5      | Noticed Grinder
  4409 | D:5      | Killed Grinder
  4409 | D:5      | Reached skill level 8 in Spellcasting
  4409 | D:5      | Reached XP level 7. HP: 46/46 MP: 0/18
  5043 | D:5      | Reached skill level 1 in Shields
  5119 | D:5      | Found Waopt's General Store.
  5127 | D:5      | Bought a scroll of recharging for 142 gold pieces
  5146 | D:5      | Found a staircase to the Ecumenical Temple.
  5383 | D:5      | Noticed Eustachio
  5482 | D:5      | Killed Eustachio
  5482 | D:5      | Reached XP level 8. HP: 41/52 MP: 3/20
  5587 | D:5      | Noticed a troll
  5621 | D:5      | HP: 1/52 [orc priest/divine providence (15)]
  5948 | D:5      | Killed a troll
  5948 | D:5      | Reached * piety under Sif Muna
  6305 | D:5      | Reached skill level 9 in Spellcasting
  7254 | D:6      | Reached XP level 9. HP: 25/57 MP: 1/22
  7255 | D:6      | Reached ** piety under Sif Muna
  7547 | D:6      | Reached skill level 5 in Conjurations
  7859 | D:6      | Reached skill level 10 in Spellcasting
  8174 | D:6      | Reached skill level 1 in Fighting
  8490 | D:7      | Reached skill level 1 in Armour
  9884 | D:8      | Reached skill level 5 in Fire Magic
  9891 | D:8      | Slain by a hog

Vault maps used:
D:1:      nicolae_arrival_washed_ashore, minmay_tall_x
D:2:      grunt_temple_overflow_open
D:3:      old_standard_altar
D:4:      first_bread
D:5:      serial_shops, shop, grunt_ministairs_9, uniq_eustachio, uniq_grinder
D:7:      kennysheep_cluttered_room
D:8:      grunt_livestock, eino_tiny_chamber, corner_web_ring

Skill      XL: |  1  2  3  4  5  6  7  8  9 |
---------------+----------------------------+-----
Spellcasting   | 3 4 5 6 7 8 9 10 | 10.6
Conjurations   | 1 2 3 4 5 |  5.5
Shields        | 3 4 |  4.0
Fire Magic     | 3 4 5 |  5.0
Fighting       | 2 |  2.5
Armour         | 1 |  1.8
Dodging        | |  1.5
Stealth        | |  1.5

Action                   |  1- 3 |  4- 6 |  7- 9 || total
-------------------------+-------+-------+-------++-------
Melee: Dagger            |    28 |       |       ||    28
       Spear             |     4 |     4 |    35 ||    43
Throw: Tomahawk          |       |       |     5 ||     5
 Cast: Flame Tongue      |    63 |    74 |   269 ||   406
       Conjure Flame     |       |     5 |    24 ||    29
       Throw Flame       |       |    10 |    42 ||    52
       Sticky Flame      |       |       |    14 ||    14
  Use: Scroll            |     3 |     1 |     1 ||     5
Armor: Robe              |    23 |     5 |     6 ||    34
       Leather armour    |       |       |    27 ||    27
Dodge: Dodged            |    38 |     8 |    88 ||   134
Block: Buckler           |       |       |     4 ||     4
